 Dungeon Crawl Stone Soup version 0.26-b1-57-gb162d0664a (webtiles) character file.

Game seed: 1299460072230676869

114988 Froggeryz the Bludgeoner (level 16, -4/232 HPs)
             Began as a Minotaur Berserker on Jan 8, 2021.
             Was the Champion of Trog.
             Slain by a six-headed hydra (9 damage)
             ... on level 3 of the Swamp.
             The game lasted 00:35:00 (30680 turns).

Froggeryz the Bludgeoner (Minotaur Berserker)      Turns: 30680, Time: 00:35:01

Health: -4/232     AC: 25    Str: 30    XL:     16   Next: 17%
Magic:  15/15      EV:  9    Int: 13    God:    Trog [******]
Gold:   1561       SH: 13    Dex: 12    Spells: 15/15 levels left

rFire    . . .     SeeInvis .   f - +4 eveningstar (freeze)
rCold    + . .     Faith    .   M - +0 buckler
rNeg     + . .     Spirit   .   N - +0 plate armour {Will+}
rPois    +         Reflect  +   (helmet restricted)
rElec    .         Harm     .   n - +2 cloak "Gaptet" {rN+ Int+5}
rCorr    .         Rampage  .   C - +2 pair of gloves {Str+3}
Will     ++...                  g - +0 pair of boots {Stlth+}
Stlth    ..........             O - amulet of reflection
HPRegen  0.48/turn              L - ring of protection from cold
MPRegen  0.14/turn              R - ring of poison resistance

@: berserking, very quick
A: retaliatory headbutt, horns 2, agile 1, clever 1, wild magic 1
a: Renounce Religion, Berserk, Trog's Hand, Brothers in Arms


You were on level 3 of the Swamp.
You worshipped Trog.
Trog was exalted by your worship.
You visited 4 branches of the dungeon, and saw 24 of its levels.

You collected 2843 gold pieces.
You spent 1282 gold pieces at shops.

Inventory:

Hand Weapons
 f - a +4 eveningstar of freezing (weapon)
Missiles
 T - 5 javelins (quivered)
Armour
 g - a +0 pair of boots of stealth (worn)
 h - a +2 plate armour of cold resistance
 i - a +2 tower shield
 n - the +2 cloak "Gaptet" (worn) {rN+ Int+5}
   (You bought it in a shop on level 2 of the Orcish Mines)

   It affects your intelligence (+5).
   It protects you from negative energy.
 C - a +2 pair of gloves of strength (worn)
 M - a +0 buckler (worn)
 N - a +0 plate armour of willpower (worn)
Jewellery
 b - an uncursed ring of flight
 r - a +6 ring of dexterity
 v - an uncursed ring of protection from fire
 w - an uncursed ring of positive energy
 A - an uncursed amulet of guardian spirit
 F - an uncursed ring of ice {unknown}
 L - a ring of protection from cold (left hand)
 O - an amulet of reflection (around neck)
 R - a ring of poison resistance (right hand)
 S - an uncursed amulet of magic regeneration {unknown}
 V - an uncursed amulet of regeneration
Wands
 a - a wand of random effects (12)
 o - a wand of digging (16)
 q - a wand of acid (23)
 y - a wand of iceblast (44)
 D - a wand of polymorph (6)
 G - a wand of disintegration (15)
 I - a wand of enslavement (7)
 W - a wand of paralysis (17)
Scrolls
 e - 9 scrolls of remove curse
 k - 6 scrolls of teleportation
 p - 3 scrolls of fear
 s - 5 scrolls of identify
 x - 3 scrolls of magic mapping
 z - 2 scrolls of immolation
 B - a scroll of enchant weapon
 E - a scroll of enchant armour
 Q - 4 scrolls of fog
Potions
 c - 3 potions of flight
 d - 2 potions of berserk rage
 j - 4 potions of might
 l - 2 potions of cancellation
 m - 2 potions of heal wounds
 t - 3 potions of magic
 u - 8 potions of curing
 H - 4 potions of lignification
 P - 2 potions of ambrosia
 U - a potion of invisibility
Miscellaneous
 J - a condenser vane
 K - a condenser vane


   Skills:
 + Level 17.5 Fighting
 - Level 17.6 Maces & Flails
 - Level 8.4 Throwing
 + Level 14.3 Armour
 - Level 2.1 Dodging
 + Level 15.2 Shields
 + Level 3.4 Evocations


You had 15 spell levels left.
You didn't know any spells.
Your spell library was empty.

Dungeon Overview and Level Annotations

Branches:
Dungeon (12/15)            Temple (0/1) D:6            Lair (6/6) D:11
  Swamp (4/4) Lair:4        Snake (0/4) Lair:4        Slime (0/5) Lair:6
    Orc (2/2) D:11            Elf (0/3) Orc:2

Altars:
Ashenzari
Dithmenos
Elyvilon
Hepliaklqana
Nemelex Xobeh
Vehumet
Xom
The Shining One
Jiyva

Shops:
D:5 (   D:7 (   D:10 }   D:11 (   Orc:2 }*[=(

Annotations:
D:6 2 transporters, Mryle's ghost, novice OpVM
D:9 1 runed translucent door, Mattiprrivan's ghost, novice DDCK
D:10 Erica
Lair:2 exclusion: 2 oklob plants
Lair:4 1 runed translucent door, ikjuyhgtrf's ghost, journeyman DDFi


Innate Abilities, Weirdness & Mutations

You reflexively headbutt those who attack you in melee.
You have a pair of horns on your head.
You are agile. (Dex +2)
Your mind is acute. (Int +2)
Your spells are a little harder to cast, but a little more powerful.


Message History

The lindwurm claws you but does no damage.
You block the lindwurm's attack.
You thump the lindwurm! You freeze the lindwurm. You headbutt the lindwurm!!
The lindwurm is severely wounded.
The six-headed hydra bites you but does no damage. x2
You block the six-headed hydra's attack.
The six-headed hydra barely misses you.
The six-headed hydra bites you but does no damage. x2
You sock the lindwurm! You freeze the lindwurm. You headbutt the lindwurm.
The lindwurm is almost dead.
You impale the lindwurm!! You freeze the lindwurm.
You kill the lindwurm!
Trog accepts your kill. The six-headed hydra bites you!
* * * LOW HITPOINT WARNING * * *
You block the six-headed hydra's attack.
The six-headed hydra bites you but does no damage.
You block the six-headed hydra's attack.
The six-headed hydra bites you!
You die...

♣♣♣♣ ♣♣≈.♣♣♣ ♣≈.≈.≈♣♣♣♣♣
♣♣♣♣♣♣♣♣♣ ♣.≈≈≈≈...≈♣♣
♣♣.≈♣≈...♣♣♣.≈≈..≈≈≈≈(♣♣♣♣♣
♣.≈≈..≈≈≈.♣♣♣♣≈≈.≈≈≈≈..≈≈.♣
♣≈≈≈≈≈≈≈≈.♣♣♣≈.≈≈.....≈≈≈§.
♣♣§≈≈≈≈≈≈≈.≈≈♣.≈≈≈≈≈...§≈≈§.
♣.≈≈≈≈≈≈≈≈.@≈..≈≈≈..♣≈.§≈.≈♣
♣.≈≈≈..≈≈≈D[≈≈(...♣♣≈.≈≈≈≈<.
♣♣≈≈≈≈..≈≈≈.≈≈≈...♣♣♣(.≈≈≈≈≈.
♣≈≈≈§♣♣.≈≈≈♣....≈.♣ ♣♣♣♣.≈≈§♣
♣♣♣.....≈≈§♣♣.≈≈≈≈♣ ♣.....♣
♣≈.≈≈.≈≈§.≈..≈≈.♣ ♣≈.≈≈.≈
♣♣.≈≈.≈..≈♣♣♣♣♣♣♣ ♣♣♣.≈≈≈
♣♣≈..≈♣♣♣♣ ♣♣♣♣≈♣♣♣♣ ♣♣♣♣♣♣
♣♣♣♣♣ ♣♣♣♣...≈♣♣


You could see a six-headed hydra.

Vanquished Creatures
  Nikola (Swamp:1)
  Rupert (Lair:4)
  Kirke (Lair:4)
  An orc warlord (Orc:2)
  Louise (Swamp:1)
  4 entropy weavers (Lair:4)
  2 bunyips (Swamp:3)
  The ghost of Sneforious the Fighter, a journeyman DrWn of Okawaru (Lair:3)
  Snorg (Lair:6)
  2 eleionomae
  A fire dragon (Lair:6)
  2 shambling mangroves
  A boulder beetle (Lair:2)
  12 hydras
  4 ghost crabs
  A two-headed ogre (Orc:1)
  7 alligators
  4 orc high priests
  8 spriggans
  5 fire crabs (Lair:4)
  5 goliath frogs
  6 swamp dragons
  2 unseen horrors
  2 spriggan druids
  5 bog bodies
  4 lindwurms
  4 ugly things
  4 orc knights (Orc:2)
  5 orc sorcerers (Orc:2)
  A will-o-the-wisp (Swamp:2)
  3 cyclopes
  A manticore (D:11)
  6 black mambas
  Maurice (D:9)
  An apocalypse crab (Lair:4)
  12 elephants
  12 cane toads
  A centaur zombie (D:11)
  3 molten gargoyles (Lair:6)
  2 torpor snails
  3 rime drakes
  14 komodo dragons
  6 trolls
  3 polar bears
  6 tyrant leeches
  12 hornets
  8 blink frogs
  Sigmund (D:3)
  59 yaks
  5 wyverns
  8 basilisks
  2 hogs (Lair:4)
  2 humans (Lair:4)
  2 steam dragons (Lair:6)
  18 swamp worms
  9 vampire mosquitoes
  8 wargs
  A soldier ant (D:12)
  3 nagas (Lair:4)
  7 water moccasins
  5 hell hounds (Lair:6)
  Duvessa (D:5)
  36 orc warriors
  3 black bears
  9 necrophages
  4 phantoms
  4 ice beasts
  3 sky beasts
  10 ogres
  5 wolves (Lair:2)
  5 centaurs
  7 big kobolds
  19 bullfrogs
  A wyvern zombie (D:7)
  Dowan (D:5)
  3 scorpions
  18 killer bees
  3 howler monkeys
  3 wights (D:9)
  3 electric eels
  4 lava snakes (Lair:6)
  3 jellies
  A quasit (D:9)
  6 hounds
  29 orc priests
  A bullfrog skeleton (D:6)
  A centaur skeleton (D:7)
  35 orc wizards
  5 iguanas
  Ijyb (D:5)
  Terence (D:3)
  5 worker ants
  3 hound zombies
  2 hound skeletons
  2 worker ant zombies
  5 gnolls (D:3)
  15 adders
  A howler monkey skeleton (D:9)
  2 shadow imps
  5 white imps
  3 oozes
  An adder zombie (D:7)
  An adder skeleton (D:7)
  A worm (D:5)
  2 dart slugs
  6 leopard geckos
  99 orcs
  4 giant cockroaches
  7 goblins
  5 hobgoblins
  12 jackals
  61 kobolds
  4 quokkas
  A ball python zombie (D:5)
  10 bats
  7 frilled lizards
  A leopard gecko skeleton (D:6)
  A quokka zombie (D:5)
  8 rats
821 creatures vanquished.

Vanquished Creatures (others)
  A human (Lair:4)
  2 orc wizards (Orc:2)
  8 foxfires
  45 fungi
  53 plants
109 creatures vanquished.

Grand Total: 930 creatures vanquished

Notes
Turn   | Place    | Note
-------+----------+-------------------------------------------
     0 | D:1      | Froggeryz the Minotaur Berserker began the quest for the
                  | Orb.
     0 | D:1      | Reached XP level 1. HP: 19/19 MP: 0/0
   272 | D:1      | Reached XP level 2. HP: 25/26 MP: 1/1
   741 | D:2      | Reached ** piety under Trog
   742 | D:2      | Reached skill level 5 in Maces & Flails
   848 | D:2      | Found a broken altar of Ashenzari.
   865 | D:2      | Reached XP level 3. HP: 28/31 MP: 2/2
  1442 | D:3      | Reached XP level 4. HP: 36/39 MP: 3/3
  1851 | D:3      | Reached *** piety under Trog
  1936 | D:3      | Noticed a big kobold
  1953 | D:3      | Killed a big kobold
  1954 | D:3      | Reached XP level 5. HP: 42/45 MP: 4/4
  2001 | D:3      | Reached XP level 6. HP: 38/51 MP: 5/5
  2123 | D:3      | Noticed Sigmund
  2131 | D:3      | Killed Sigmund
  2132 | D:3      | Reached skill level 5 in Armour
  2249 | D:3      | Reached **** piety under Trog
  2272 | D:3      | Reached XP level 7. HP: 57/57 MP: 6/6
  2518 | D:3      | Noticed Terence
  2526 | D:3      | Killed Terence
  3195 | D:4      | Found a glowing golden altar of the Shining One.
  3729 | D:5      | Entered Level 5 of the Dungeon
  3741 | D:5      | Reached XP level 8. HP: 56/66 MP: 7/7
  3746 | D:5      | Reached skill level 10 in Maces & Flails
  3931 | D:5      | Noticed Dowan
  3937 | D:5      | Killed Dowan
  3951 | D:5      | Noticed Duvessa
  3958 | D:5      | Killed Duvessa
  3959 | D:5      | Reached skill level 5 in Fighting
  4050 | D:5      | Noticed Ijyb
  4062 | D:5      | Killed Ijyb
  4165 | D:5      | Found Kemaddis's Weapon Shoppe.
  4469 | D:6      | Reached ***** piety under Trog
  4786 | D:6      | Received a gift from Trog
  4787 | D:6      | Reached XP level 9. HP: 78/78 MP: 8/8
  4819 | D:6      | Found a transporter.
  4898 | D:6      | Found a transporter.
  4932 | D:6      | Found a staircase to the Ecumenical Temple.
  5029 | D:6      | Noticed Mryle's ghost (novice OpVM)
  5226 | D:7      | Found Fiff's Weapon Shop.
  5447 | D:7      | Found a hazy altar of Hepliaklqana.
  5800 | D:7      | Found a white marble altar of Elyvilon.
  6092 | D:7      | Found a sparkling altar of Nemelex Xobeh.
  6488 | D:7      | Found a shadowy altar of Dithmenos.
  7126 | D:8      | Reached XP level 10. HP: 78/90 MP: 9/9
  7384 | D:9      | Found a runed translucent door.
  7385 | D:9      | Identified the +6 spear "Ceybbuot" {speed, rC- Str+5 SInv}
  7496 | D:9      | Noticed Mattiprrivan's ghost (novice DDCK)
  7628 | D:9      | Noticed Maurice
  7664 | D:9      | Killed Maurice
  7665 | D:9      | Reached skill level 1 in Throwing
  7965 | D:10     | Entered Level 10 of the Dungeon
  8082 | D:10     | Killed an unseen horror
  9034 | D:10     | Found Racw's Gadget Emporium.
  9060 | D:10     | Bought a condenser vane for 560 gold pieces
  9134 | D:10     | Noticed a gargoyle
  9135 | D:10     | Noticed Erica
  9552 | D:11     | Noticed a manticore
  9554 | D:11     | Received a gift from Trog
  9559 | D:11     | Reached skill level 15 in Maces & Flails
  9564 | D:11     | Killed a manticore
  9657 | D:11     | Noticed a cyan ugly thing
  9659 | D:11     | Noticed a cyclops
  9819 | D:11     | Killed a cyclops
  9820 | D:11     | Reached skill level 10 in Fighting
  9911 | D:11     | Found Etirirer's Weapon Emporium.
 10249 | D:11     | Reached XP level 11. HP: 83/100 MP: 10/10
 10252 | D:11     | Found a staircase to the Orcish Mines.
 10429 | D:11     | Noticed a green ugly thing
 10460 | D:11     | Killed a green ugly thing
 10468 | D:11     | Killed a green ugly thing
 10610 | D:11     | Found a staircase to the Lair.
 10875 | D:11     | Reached skill level 5 in Throwing
 11220 | D:11     | Found a radiant altar of Vehumet.
 11296 | Lair:1   | Entered Level 1 of the Lair of Beasts
 11829 | Lair:1   | Noticed a seven-headed hydra
 11837 | Lair:1   | Killed a seven-headed hydra
 12473 | Lair:1   | Received a gift from Trog
 12474 | Lair:1   | Got a glimmering mace {god gift}
 12475 | Lair:1   | Identified the +5 mace of the Sun {vorpal, +Inv rF+ Str+3}
                  | (Trog gifted it to you on level 1 of the Lair of Beasts)
 12985 | Lair:2   | Reached XP level 12. HP: 70/111 MP: 6/11
 13735 | Lair:2   | Noticed a boulder beetle
 13750 | Lair:2   | Killed a boulder beetle
 14252 | Lair:2   | Identified a scroll of acquirement
 14252 | Lair:2   | Acquired 634 gold pieces
 14352 | D:11     | Bought a +3 vorpal eveningstar for 434 gold pieces
 15099 | Lair:3   | Noticed a seven-headed hydra
 15108 | Lair:3   | Killed a seven-headed hydra
 15400 | Lair:3   | Noticed Sneforious's ghost (journeyman DrWn)
 15401 | Lair:3   | Found a runed translucent door.
 15429 | Lair:3   | Got a smoking chain mail
 15538 | Lair:3   | Identified the +3 chain mail "Ataunk" {Harm Slay-4 SInv}
                  | (You found it on level 3 of the Lair of Beasts)
 15565 | Lair:3   | Killed Sneforious's ghost
 17009 | Lair:4   | Reached skill level 5 in Shields
 17012 | Lair:4   | Reached XP level 13. HP: 87/122 MP: 9/12
 17350 | Lair:4   | Received a gift from Trog
 17375 | Lair:4   | Found a runed translucent door.
 17477 | Lair:4   | Found a staircase to the Snake Pit.
 17493 | Lair:4   | Noticed Rupert
 17504 | Lair:4   | Killed Rupert
 17567 | Lair:4   | Noticed Kirke
 17575 | Lair:4   | Killed Kirke
 17673 | Lair:4   | Found a runed translucent door.
 17674 | Lair:4   | Found a shimmering altar of Xom.
 17674 | Lair:4   | Noticed ikjuyhgtrf's ghost (journeyman DDFi)
 18071 | Lair:4   | Found a staircase to the Swamp.
 18223 | Lair:4   | Noticed an entropy weaver
 18231 | Lair:4   | Killed an entropy weaver
 18289 | Lair:4   | Noticed an entropy weaver
 18297 | Lair:4   | Reached skill level 10 in Shields
 18301 | Lair:4   | Killed an entropy weaver
 18552 | Lair:4   | Noticed an entropy weaver
 18565 | Lair:4   | Killed an entropy weaver
 18718 | Lair:4   | Noticed an entropy weaver
 18728 | Lair:4   | Killed an entropy weaver
 19231 | Lair:5   | Reached XP level 14. HP: 133/133 MP: 13/13
 19847 | Lair:6   | Entered Level 6 of the Lair of Beasts
 19859 | Lair:6   | Reached skill level 15 in Fighting
 20064 | Lair:6   | Found a viscous altar of Jiyva.
 20064 | Lair:6   | Found a staircase to the Slime Pits.
 20994 | Lair:6   | Received a gift from Trog
 21014 | Lair:6   | Reached skill level 10 in Armour
 21404 | Lair:6   | Found a large runed translucent door.
 21404 | Lair:6   | Found a large runed translucent door.
 21825 | Lair:6   | Noticed Snorg
 21836 | Lair:6   | Killed Snorg
 22696 | Orc:1    | Entered Level 1 of the Orcish Mines
 23270 | Orc:1    | Received a gift from Trog
 23402 | Orc:1    | Got a brightly glowing demon whip {god gift}
 23403 | Orc:1    | Identified the +0 demon whip of Anger {vorpal, Str+6 Dex+2}
                  | (Trog gifted it to you on level 1 of the Orcish Mines)
 23518 | Orc:2    | Entered Level 2 of the Orcish Mines
 23689 | Orc:2    | Found a staircase to the Elven Halls.
 23725 | Orc:2    | Paralysed by an orc sorcerer for 3 turns
 24346 | Orc:2    | Noticed an orc warlord
 24353 | Orc:2    | Killed an orc warlord
 24366 | Orc:2    | Gained mutation: Scrolls take you a little longer to read.
                  | [a neqoxec]
 24385 | Orc:2    | Reached XP level 15. HP: 31/144 MP: 14/14
 24629 | Orc:1    | Lost mutation: Scrolls take you a little longer to read.
                  | [potion of mutation]
 24629 | Orc:1    | Gained mutation: Your spells are a little harder to cast,
                  | but a little more powerful. [potion of mutation]
 24629 | Orc:1    | Gained mutation: You are agile. (Dex +2) [potion of
                  | mutation]
 24629 | Orc:1    | Gained mutation: Your mind is acute. (Int +2) [potion of
                  | mutation]
 24929 | Orc:2    | Found Duddo's Antique Armour Boutique.
 24930 | Orc:2    | Found Hoogiesh's Antique Weapon Shop.
 24931 | Orc:2    | Found Fikapan's General Store.
 24931 | Orc:2    | Found Naosu's Jewellery Boutique.
 24935 | Orc:2    | Bought a potion of might for 60 gold pieces
 24947 | Orc:2    | Bought a bloodstained cloak for 228 gold pieces
 24957 | Orc:2    | Identified the +2 cloak "Gaptet" {rN+ Int+5} (You bought it
                  | in a shop on level 2 of the Orcish Mines)
 25101 | Orc:2    | Found Watir's Gadget Shop.
 25333 | D:12     | Received a gift from Trog
 26314 | Swamp:1  | Entered Level 1 of the Swamp
 26601 | Swamp:1  | Noticed Nikola
 26624 | Swamp:1  | Killed Nikola
 26891 | Swamp:1  | Noticed Louise
 27395 | Swamp:1  | Killed Louise
 28625 | Swamp:3  | Reached skill level 1 in Evocations
 28664 | Swamp:3  | Reached ****** piety under Trog
 29637 | Swamp:4  | Entered Level 4 of the Swamp
 29652 | Swamp:4  | Reached XP level 16. HP: 112/155 MP: 15/15
 29656 | Swamp:4  | Reached skill level 15 in Shields
 30680 | Swamp:3  | HP: 5/232 [six-headed hydra (9)]
 30680 | Swamp:3  | Slain by a six-headed hydra

Illustrated notes

Levels and vault maps discovered:
D:1:      lightli_arrival_isolated_outpost, layout_loops_ring,
          minmay_tromino_v4_c
D:2:      layout_rooms, evilmike_ruin_ashenzari
D:3:      minmay_goblin_kobold_castle, layout_basic, uniq_terence, uniq_sigmund
D:4:      layout_basic, lemuel_round_altar
D:5:      layout_basic, serial_shops, kennysheep_mini_moat, uniq_ijyb,
          uniq_duvessa
D:6:      layout_cave_pools, minmay_temple_entry_antechambers,
          gammafunk_ghost_abyssal_escape
D:7:      layout_layer_cave, nicolae_overflow_hidden_temple, elyvilon_altar_5,
          serial_shops, shop, lemuel_statue_altar
D:8:      layout_loops_ring
D:9:      layout_basic, ebering_ghost_funeral_grove,
          minmay_fractal_squares_gapless_5, uniq_maurice
D:10:     layout_layer_cave, serial_shops, shop_fountains,
          kennysheep_windowed_goal, uniq_erica
D:11:     layout_basic, lair_entry_dummy, david_orc_3, basic_altar,
          serial_shops, nicolae_shop_temple_entry_statues_fountains
D:12:     layout_roguey
Lair:1:   layout_cave_pods
Lair:2:   layout_regular_city, roderic_carrion_pond, minmay_lair_oklob_chamber
Lair:3:   layout_roguey, hellmonk_ghost_happy_afterlife, serial_bayou_shore_b
Lair:4:   gammafunk_mikee_crab_dinner, layout_gridlike,
          nicolae_swamp_entry_splash_gauntlet,
          minmay_snake_entry_guardpost_small, ebering_ghost_xom, uniq_rupert,
          uniq_kirke
Lair:5:   layout_hall_layers, grunt_megastairs_3, lemuel_fruit_fields
Lair:6:   cheibrodos_lair_end_hotspot, layout_cave_pods, slime_altar_1,
          lemuel_fruit_tree, serial_bayou_shore_a, uniq_snorg
Swamp:1:  layout_falls_marsh, evilmike_swamp_ruin_house_4, uniq_nikola,
          uniq_louise
Swamp:2:  layout_basic_swamp, hangedman_swamp_cone
Swamp:3:  layout_basic_swamp, evilmike_swamp_ruin_house_3
Swamp:4:  swamp_alternative, layout_basic_swamp, swamp_pool1,
          nicolae_swamp_snake_nest
Orc:1:    layout_caves, nooodl_orcs_dogs
Orc:2:    st_orc_congregation, layout_caves, serial_shops,
          nicolae_shop_behind_doors, mines4_lemuel

Skill      XL: |  1  2  3  4  5  6  7  8  9 10 11 12 13 14 15 16 |
---------------+-------------------------------------------------+-----
Maces & Flails | 4 5 6 7 8 9 12 14 15 17 | 17.6
Armour         | 3 4 5 6 7 8 12 14 | 14.3
Fighting       | 4 6 8 10 11 13 14 16 17 | 17.5
Throwing       | 4 6 8 |  8.4
Shields        | 5 11 13 14 15 | 15.2
Evocations     | 2 3 |  3.4
Dodging        | |  2.1

Action                   |  1- 3 |  4- 6 |  7- 9 | 10-12 | 13-15 | 16-18 || total
-------------------------+-------+-------+-------+-------+-------+-------++-------
Melee: Mace              |   103 |   147 |    24 |    76 |       |       ||   350
       Headbutt          |    11 |    17 |   118 |   227 |   247 |    20 ||   640
       Whip              |       |       |   365 |   410 |       |       ||   775
       Dire flail        |       |       |       |     3 |       |       ||     3
       Eveningstar       |       |       |       |   128 |  1049 |    59 ||  1236
Throw: Javelin           |       |       |       |       |     5 |       ||     5
Invok: Berserk           |       |     2 |     1 |    11 |    10 |     2 ||    26
       Trog's Hand       |       |     1 |       |     1 |    10 |       ||    12
Evoke: Wand              |       |       |       |     4 |       |       ||     4
       Condenser vane    |       |       |       |       |     1 |       ||     1
  Use: Scroll            |     4 |       |    12 |    11 |    14 |       ||    41
       Potion            |       |       |       |       |     7 |       ||     7
 Stab: Distracted        |       |       |       |       |     1 |       ||     1
       Confused          |       |       |       |       |     1 |       ||     1
Armor: Animal skin       |    14 |       |       |       |       |       ||    14
       Chain mail        |    37 |   118 |   139 |   209 |    73 |       ||   576
       Plate armour      |       |       |       |       |   425 |    79 ||   504
Dodge: Dodged            |    79 |    97 |   134 |   184 |   297 |    42 ||   833
Block: Buckler           |       |       |       |       |   560 |    82 ||   642
       Reflection        |       |       |       |       |    23 |       ||    23
